 Dungeon Crawl Stone Soup version 0.18.1-48-g4cf74bf (webtiles) character file.

16 chinuro the Ducker (level 2, -6/29 HPs)
             Began as a Troll Fighter on Aug 26, 2016.
             Was an Initiate of Nemelex Xobeh.
             Mangled by a hobgoblin
             ... wielding a +0 club
              (8 damage)
             ... on level 3 of the Dungeon.
             The game lasted 00:06:11 (917 turns).

chinuro the Ducker (Troll Fighter)                   Turns: 917, Time: 00:06:11

Health: -6/29      AC:  5    Str: 23    XL:     2   Next: 41%
Magic:  1/1        EV:  8    Int:  4    God:    Nemelex Xobeh [......]
Gold:   69         SH:  8    Dex:  9    Spells: 1 memorised, 0 levels left

rFire  . . .     SeeInvis .     a - +0 flail
rCold  . . .     Gourm    +     b - +0 robe
rNeg   . . .     Faith    .     c - +0 shield
rPois  .         Spirit   .     (helmet restricted)
rElec  .         Dismiss  .     (no cloak)
rCorr  .         Reflect  .     (gloves unavailable)
SustAt +         Harm     .     (boots unavailable)
MR     .....                    k - amulet of inaccuracy (curse)
Stlth  +.........               (no ring)
                                i - ring of sustain attributes

@: lethally poisoned (-6 -> -7), not resistant to hostile enchantments, very
unstealthy
A: unfitting armour, claws 3, fast metabolism 3, gourmand, regeneration 2,
shaggy fur 1, tough skin 2
a: Renounce Religion


You were on level 3 of the Dungeon.
You worshipped Nemelex Xobeh.
Nemelex Xobeh was noncommittal.
You were not hungry.

You visited 1 branch of the dungeon, and saw 3 of its levels.

You collected 69 gold pieces.

Inventory:

Hand Weapons
 a - a +0 flail (weapon)
Armour
 b - a +0 robe (worn)
 c - a +0 shield (worn)
 h - a +0 ring mail
 n - a +0 helmet
Jewellery
 i - a ring of sustain attributes (left claw)
 k - a cursed amulet of inaccuracy (around neck)
Scrolls
 e - 2 scrolls of identify
Potions
 d - a potion of might
 l - a potion of degeneration {unknown}
 m - a potion of lignification {unknown}
 o - a potion of haste {unknown}
Books
 p - a book of Cantrips

   Spells                             Type                      Level
   a - Corona                         Hexes                        1
   b - Animate Skeleton               Necromancy                   1
   c - Summon Small Mammal            Summoning                    1
   d - Apportation                    Translocation                1
Miscellaneous
 q - a plain deck of war {drawn: 1}
Comestibles
 f - a bread ration
 g - a beef jerky
 j - 3 fruits


   Skills:
 + Level 2.5 Fighting
 + Level 1.9 Maces & Flails
 + Level 2.7 Dodging
 + Level 2.7 Shields


You couldn't memorise any spells.
You knew the following spells:

 Your Spells              Type           Power        Failure   Level  Hunger
a - Summon Small Mammal   Summ           #...         99%         1    ##.....


Dungeon Overview and Level Annotations

Branches:
Dungeon (3/15)

Altars:
Nemelex Xobeh


Innate Abilities, Weirdness & Mutations

You are too large for most types of armour.
You have claws for hands.
Your metabolism is lightning-fast.
You like to eat raw meat.
You heal very quickly.
You are covered in fur (AC +1).
You have very tough skin (AC +2).


Message History

The adder bites you but does no damage.
The hobgoblin hits you but does no damage.
You miss the adder. The adder bites you. x2
You are more poisoned.
The adder poisons you! The hobgoblin barely misses you.
You miss the adder.
You feel sick. The adder bites you but does no damage.
You block the hobgoblin's attack. The adder barely misses you.
You miss the adder. The adder bites you.
* * * LOW HITPOINT WARNING * * *
The hobgoblin barely misses you. The adder bites you.
* * * LOW HITPOINT WARNING * * *
The hobgoblin barely misses you.
You miss the adder.
You feel sick. The adder bites you but does no damage.
The hobgoblin hits you with a club.
* * * LOW HITPOINT WARNING * * *
You block the adder's attack.
You miss the adder. The adder closely misses you.
The hobgoblin hits you with a club!
You die...
Your body disappears without a glow.

####### #.<...#
####.###.# #....# #.#
#....# #.#
####....###'#### .######
#..'....##......
.......##.##...###....##
......S@g........+......
.#.....##.########......
....... #.# #...##.
....... #.. #)..##+
....... #... #....
....... #...g #....
....... ...... ##.####
#.#.... ..##....


You could see an adder and a hobgoblin.

Vanquished Creatures
  A dart slug (D:1)
  A bat (D:1)
  A goblin (D:2)
  3 hobgoblins (D:1)
  2 jackals (D:1)
  2 giant newts
  A kobold (D:1)
  3 rats
14 creatures vanquished.

Notes
Turn   | Place    | Note
--------------------------------------------------------------
     0 | D:1      | chinuro the Troll Fighter began the quest for the Orb.
     0 | D:1      | Reached XP level 1. HP: 22/22 MP: 0/0
   161 | D:1      | Reached XP level 2. HP: 29/29 MP: 1/1
   196 | D:1      | You fall through a shaft!
   715 | D:2      | Found a sparkling altar of Nemelex Xobeh.
   725 | D:2      | Became a worshipper of Nemelex Xobeh the Trickster
   803 | D:3      | Learned a level 1 spell: Summon Small Mammal
   809 | D:3      | Received a gift from Nemelex Xobeh
   916 | D:3      | HP: 1/29 [hobgoblin/club (2)]
   917 | D:3      | Mangled by a hobgoblin

Action                   || total
-------------------------++-------
Melee: Flail             ||    41
Evoke: Deck              ||     1
  Use: Scroll            ||     1
       Potion            ||     1
  Eat: Chunk             ||     2
       Bread ration      ||     1
       Beef jerky        ||     1
Armor: Robe              ||    32
Dodge: Dodged            ||    32
Block: Shield            ||    32
